SAA
LONG ISLAND SEAWOLVES @ SPRINGFIELD SHOOTERS
07/28/2030
 
TOP OF THE 1ST
Long Island Seawolves batting - Pitching for Springfield Shooters : LHP Tod Whipple
Pitching: LHP Tod Whipple
Batting: RHB Abad Lugo 0-0: Ball
1-0: Ground out 6-3 (Groundball, 6)
Batting: LHB Roberto Valle 0-0: Ball
1-0: Ball
2-0: Ball
3-0: Called Strike
3-1: Base on Balls
Batting: RHB Rob McGinnity 0-0: Ball
1-0: Ball
2-0: Foul Ball, location: 2F
2-1: Called Strike
2-2: Strikes out swinging
Batting: LHB Jackson Curry 0-0: Ground out U3 (Groundball, 3)
Top of the 1st over - 0 runs, 0 hits, 0 errors, 1 left on base; Long Island 0 - Springfield 0
BOTTOM OF THE 1ST
Springfield Shooters batting - Pitching for Long Island Seawolves : RHP Santos Guzowski
Pitching: RHP Santos Guzowski
Batting: LHB César Gómes 0-0: Ball
1-0: Ball
2-0: SINGLE (Groundball, 6) (infield hit)
Batting: RHB Mike Mays 0-0: Ball
1-0: Foul Ball, location: 2F
1-1: Ball
Wild Pitch!
César Gómes to second
2-1: Foul Ball, location: 2F
2-2: SINGLE (Groundball, 6MD)
César Gómes to third
Batting: LHB Calvin Wilms 0-0: Ball
1-0: Ball
2-0: Ball
3-0: Base on Balls
Mike Mays to second
Batting: LHB John Schaefer 0-0: Ball
1-0: Called Strike
1-1: Foul Ball, location: 2F
1-2: Strikes out looking
Batting: RHB Fletcher Megarity 0-0: Ball
1-0: Called Strike
1-1: Fly out, F9 (Line Drive, 89S)
Runner from 3rd tags up, SCORES, no throw
Batting: RHB Sébastien Bernard 0-0: Called Strike
0-1: Ball
1-1: Called Strike
1-2: Ball
2-2: Strikes out swinging
Bottom of the 1st over - 1 run, 2 hits, 0 errors, 2 left on base; Long Island 0 - Springfield 1
TOP OF THE 2ND
Long Island Seawolves batting - Pitching for Springfield Shooters : LHP Tod Whipple
Batting: RHB DeAndre Thomas 0-0: Called Strike
0-1: Foul Ball, location: 2F
0-2: Foul Ball, location: 2F
0-2: Ground out 5-3 (Groundball, 56S)
Batting: LHB Wilson López 0-0: Ball
1-0: Ball
2-0: Ball
3-0: Base on Balls
Batting: RHB Ricardo Pulido 0-0: Ball
1-0: Called Strike
Wilson López steals 2nd base
1-1: Fly out, F5 (Line Drive, 56S)
Batting: LHB Pedro Colón 0-0: Called Strike
0-1: Ball
1-1: Ball
2-1: Fly out, F8 (Flyball, 8RD)
Top of the 2nd over - 0 runs, 0 hits, 0 errors, 1 left on base; Long Island 0 - Springfield 1
BOTTOM OF THE 2ND
Springfield Shooters batting - Pitching for Long Island Seawolves : RHP Santos Guzowski
Batting: LHB Marshall Willis 0-0: Foul Ball, location: 2F
0-1: Foul Ball, location: 2F
0-2: Ball
1-2: Ball
2-2: Ground out 4-3 (Groundball, 4)
Batting: RHB Barrett Drury 0-0: Called Strike
0-1: Foul Ball, location: 2F
0-2: Foul Ball, location: 2F
0-2: Foul Ball, location: 2F
0-2: Ground out 6-3 (Groundball, 6M)
Batting: RHB Eun-bum Kim 0-0: Called Strike
0-1: Foul Ball, location: 2F
0-2: Ball
1-2: Fly out, F8 (Line Drive, 89D)
Bottom of the 2nd over - 0 runs, 0 hits, 0 errors, 0 left on base; Long Island 0 - Springfield 1
TOP OF THE 3RD
Long Island Seawolves batting - Pitching for Springfield Shooters : LHP Tod Whipple
Batting: RHB Dale Quick 0-0: Ball
1-0: Ball
2-0: Foul Ball, location: 2F
2-1: Ball
3-1: Base on Balls
Batting: RHB Abad Lugo 0-0: Ball
1-0: Ball
Throwing error on steal attempt, E2
Dale Quick to third
2-0: Called Strike
2-1: Called Strike
2-2: Fly out, F5 (Line Drive, 5S)
Batting: LHB Roberto Valle 0-0: Fly out, F8 (Flyball, 78D)
Runner from 3rd tags up, SCORES, throw made
Batting: RHB Rob McGinnity 0-0: SOLO HOME RUN (Flyball, 9LD), Distance : 346 ft
Batting: LHB Jackson Curry 0-0: Called Strike
0-1: Ground out 5-3 (Groundball, 56S)
Top of the 3rd over - 2 runs, 1 hit, 1 error, 0 left on base; Long Island 2 - Springfield 1
BOTTOM OF THE 3RD
Springfield Shooters batting - Pitching for Long Island Seawolves : RHP Santos Guzowski
Batting: LHB César Gómes 0-0: Ball
1-0: Ball
2-0: Called Strike
2-1: Ball
3-1: Foul Ball, location: 2F
3-2: Strikes out swinging
Batting: RHB Mike Mays 0-0: Called Strike
0-1: Fly out, F9 (Flyball, 9S)
Batting: LHB Calvin Wilms 0-0: Ball
1-0: Ball
2-0: SINGLE (Flyball, 89M)
Batting: LHB John Schaefer 0-0: Swinging Strike
0-1: Ball
1-1: SINGLE (Flyball, 8LS)
Calvin Wilms to second
Batting: RHB Fletcher Megarity 0-0: Ball
1-0: Called Strike
1-1: Ball
Wild Pitch!
Calvin Wilms to third
John Schaefer to second
2-1: Ball
3-1: Foul Ball, location: 2F
3-2: Base on Balls
Batting: RHB Sébastien Bernard 0-0: Ball
1-0: Fly out, F7 (Flyball, 7)
Bottom of the 3rd over - 0 runs, 2 hits, 0 errors, 3 left on base; Long Island 2 - Springfield 1
TOP OF THE 4TH
Long Island Seawolves batting - Pitching for Springfield Shooters : LHP Tod Whipple
Batting: RHB DeAndre Thomas 0-0: Called Strike
0-1: Ball
1-1: Swinging Strike
1-2: Foul Ball, location: 2F
1-2: Foul Ball, location: 2F
1-2: Fly out, F7 (Flyball, 7)
Batting: LHB Wilson López 0-0: Called Strike
0-1: Ball
1-1: Ball
2-1: Foul Ball, location: 2F
2-2: Strikes out swinging
Batting: RHB Ricardo Pulido 0-0: Foul Ball, location: 2F
0-1: Ball
1-1: Fly out, F5 (Popup, 5SF)
Top of the 4th over - 0 runs, 0 hits, 0 errors, 0 left on base; Long Island 2 - Springfield 1
BOTTOM OF THE 4TH
Springfield Shooters batting - Pitching for Long Island Seawolves : RHP Santos Guzowski
Batting: LHB Marshall Willis 0-0: Ball
1-0: Ball
2-0: Called Strike
2-1: Foul Ball, location: 2F
2-2: Foul Ball, location: 2F
2-2: Foul Ball, location: 2F
2-2: Foul Ball, location: 2F
2-2: Ball
3-2: Ground out 4-3 (Groundball, 4)
Batting: RHB Barrett Drury 0-0: SINGLE (Groundball, 56D)
Batting: RHB Eun-bum Kim 0-0: Called Strike
0-1: Ball
1-1: Swinging Strike
1-2: Ball
2-2: Fly out, F9 (Flyball, 9S)
Batting: LHB César Gómes 0-0: Called Strike
0-1: Ball
1-1: Ball
2-1: Ball
3-1: Base on Balls
Barrett Drury to second
Batting: RHB Mike Mays 0-0: Ball
Wild Pitch!
Barrett Drury to third
César Gómes to second
1-0: Ground out 5-3 (Groundball, 56)
Bottom of the 4th over - 0 runs, 1 hit, 0 errors, 2 left on base; Long Island 2 - Springfield 1
TOP OF THE 5TH
Long Island Seawolves batting - Pitching for Springfield Shooters : LHP Tod Whipple
Batting: LHB Pedro Colón 0-0: Called Strike
0-1: Ball
1-1: Swinging Strike
1-2: Ball
2-2: Ball
3-2: Foul Ball, location: 2F
3-2: Base on Balls
Batting: RHB Dale Quick 0-0: Ball
1-0: Sac Bunt - play at first, batter OUT! 2-4
Pedro Colón to second
Batting: RHB Abad Lugo 0-0: Ball
1-0: Foul Ball, location: 2F
1-1: Swinging Strike
1-2: Ball
2-2: Ball
3-2: Base on Balls
Batting: LHB Roberto Valle 0-0: Fly out, F7 (Line Drive, 7)
Batting: RHB Rob McGinnity 0-0: Foul Ball, location: 2F
0-1: Fly out, F4 (Line Drive, 4)
Top of the 5th over - 0 runs, 0 hits, 0 errors, 2 left on base; Long Island 2 - Springfield 1
BOTTOM OF THE 5TH
Springfield Shooters batting - Pitching for Long Island Seawolves : RHP Santos Guzowski
Batting: LHB Calvin Wilms 0-0: Ball
1-0: SINGLE (Line Drive, 4D)
Batting: LHB John Schaefer 0-0: Called Strike
0-1: Called Strike
0-2: SINGLE (Groundball, 3L) (infield hit)
Calvin Wilms to second
Batting: RHB Fletcher Megarity 0-0: Called Strike
0-1: Ball
1-1: Ball
2-1: Ground out 5-3 (Groundball, 56S)
Calvin Wilms to third
John Schaefer to second
Batting: RHB Sébastien Bernard 0-0: Ball
1-0: SINGLE (Groundball, 56D)
Calvin Wilms scores
John Schaefer to third
Runner from 3rd tries for Home, SAFE, no throw
Batting: LHB Marshall Willis 0-0: Ball
1-0: Ball
Sébastien Bernard steals 2nd base
2-0: Called Strike
2-1: Swinging Strike
2-2: Ground out 6-3 (Groundball, 6)
Sébastien Bernard to third
Batting: RHB Barrett Drury 0-0: SINGLE (Line Drive, 5D)
Sébastien Bernard scores
Batting: RHB Eun-bum Kim 0-0: Ball
1-0: Ball
2-0: SINGLE (Line Drive, 56)
Barrett Drury to second
Batting: LHB César Gómes 0-0: Swinging Strike
0-1: Ball
1-1: Fly out, F9 (Flyball, 9S)
Bottom of the 5th over - 3 runs, 5 hits, 0 errors, 2 left on base; Long Island 2 - Springfield 4
TOP OF THE 6TH
Long Island Seawolves batting - Pitching for Springfield Shooters : LHP Tod Whipple
Batting: LHB Jackson Curry 0-0: Ground out 1-3 (Groundball, 13)
Batting: RHB DeAndre Thomas 0-0: Ball
1-0: Ball
2-0: SINGLE (Line Drive, 8LS)
Batting: LHB Wilson López 0-0: Called Strike
0-1: Ball
1-1: Foul Ball, location: 2F
1-2: Ball
2-2: Ball
3-2: Foul Ball, location: 2F
3-2: Foul Ball, location: 2F
3-2: Strikes out looking
Pitching: RHP Roy Gartner
Batting: RHB Ricardo Pulido 0-0: Foul Ball, location: 2F
0-1: Foul Ball, location: 2F
0-2: Ground out 6-3 (Groundball, 6S)
Top of the 6th over - 0 runs, 1 hit, 0 errors, 1 left on base; Long Island 2 - Springfield 4
BOTTOM OF THE 6TH
Springfield Shooters batting - Pitching for Long Island Seawolves : RHP Santos Guzowski
Batting: RHB Mike Mays 0-0: Ground out 6-3 (Groundball, 6)
Batting: LHB Calvin Wilms 0-0: Ball
1-0: Ball
2-0: Fly out, F7 (Flyball, 7S)
Batting: LHB John Schaefer 0-0: Ball
1-0: Ball
2-0: Ball
3-0: Called Strike
3-1: Ground out 4-3 (Groundball, 34)
Bottom of the 6th over - 0 runs, 0 hits, 0 errors, 0 left on base; Long Island 2 - Springfield 4
TOP OF THE 7TH
Long Island Seawolves batting - Pitching for Springfield Shooters : RHP Roy Gartner
Batting: LHB Pedro Colón 0-0: Ball
1-0: Swinging Strike
1-1: Ball
2-1: Swinging Strike
2-2: Fly out, F6 (Line Drive, 6M)
Batting: RHB Dale Quick 0-0: Ball
1-0: Ball
2-0: Fly out, F8 (Flyball, 8RD)
Batting: RHB Abad Lugo 0-0: Ball
1-0: Ground out 6-3 (Groundball, 56D)
Top of the 7th over - 0 runs, 0 hits, 0 errors, 0 left on base; Long Island 2 - Springfield 4
BOTTOM OF THE 7TH
Springfield Shooters batting - Pitching for Long Island Seawolves : RHP Santos Guzowski
Batting: RHB Fletcher Megarity 0-0: Ball
1-0: Ball
2-0: Ball
3-0: Called Strike
3-1: SINGLE (Line Drive, 89M)
Pitching: RHP Eric Foster
Batting: RHB Sébastien Bernard 0-0: Ball
1-0: Bunted foul
1-1: Bunted foul
1-2: Foul Ball, location: 2F
1-2: Ball
2-2: Foul Ball, location: 2F
2-2: Ball
3-2: Foul Ball, location: 2F
3-2: Base on Balls
Fletcher Megarity to second
Batting: LHB Marshall Willis 0-0: Ball
1-0: Ball
2-0: Ball
3-0: Base on Balls
Fletcher Megarity to third
Sébastien Bernard to second
Batting: RHB Barrett Drury 0-0: Called Strike
0-1: Ball
1-1: Fly out, F8 (Flyball, 8LD)
Runner from 3rd tags up, SCORES, throw made
Batting: RHB Eun-bum Kim 0-0: Called Strike
0-1: Called Strike
0-2: Ball
1-2: Foul Ball, location: 2F
1-2: Ball
2-2: SINGLE (Line Drive, 6M)
Sébastien Bernard to third
Marshall Willis to second
Batting: LHB César Gómes 0-0: Called Strike
0-1: Swinging Strike
0-2: SINGLE (Flyball, 9LS)
Sébastien Bernard scores
Marshall Willis to third
Eun-bum Kim to second
Batting: RHB Mike Mays 0-0: Ball
1-0: Foul Ball, location: 2F
1-1: Ball
2-1: Swinging Strike
2-2: Strikes out looking
Batting: LHB Calvin Wilms 0-0: Ball
1-0: Ball
2-0: Ball
3-0: Called Strike
3-1: Fielders Choice at 2nd, 6-4 (Groundball, 6)
Bottom of the 7th over - 2 runs, 3 hits, 0 errors, 3 left on base; Long Island 2 - Springfield 6
TOP OF THE 8TH
Long Island Seawolves batting - Pitching for Springfield Shooters : RHP Roy Gartner
Batting: LHB Roberto Valle 0-0: DOUBLE (Line Drive, 9LD)
Batting: RHB Rob McGinnity 0-0: Called Strike
0-1: Foul Ball, location: 2F
0-2: Ball
1-2: SINGLE (Groundball, 56S) (infield hit)
Roberto Valle to third
Batting: LHB Jackson Curry 0-0: Foul Ball, location: 2F
0-1: Ball
1-1: Foul Ball, location: 2F
1-2: Fly out, F3 (Line Drive, 3L)
Batting: RHB DeAndre Thomas 0-0: Ball
1-0: SINGLE (Line Drive, 6D)
Roberto Valle scores
Rob McGinnity to second
Batting: LHB Wilson López 0-0: DOUBLE (Line Drive, 9LM)
Rob McGinnity scores
DeAndre Thomas to third
Runner from 3rd tries for Home, SAFE, no throw
Pitching: RHP Richard Hubbard
Batting: RHB Ricardo Pulido 0-0: Called Strike
0-1: Swinging Strike
0-2: Foul Ball, location: 2F
0-2: Strikes out swinging
Batting: LHB Pedro Colón 0-0: Called Strike
0-1: Called Strike
0-2: Ball
1-2: Ball
2-2: Foul Ball, location: 2F
2-2: Ball
3-2: Foul Ball, location: 2F
3-2: Base on Balls
Pinch Hitting: SHB Fernando Pineda 0-0: Ball
1-0: Ball
2-0: DOUBLE (Flyball, 78XD)
Wilson López scores
Pedro Colón to third
Runner from 3rd tries for Home, SAFE, no throw
Batting: RHB Abad Lugo 0-0: SINGLE (Groundball, 56D)
Fernando Pineda to third
Runner from 3rd tries for Home, SAFE, throw made home
Pitching: LHP Otte Leuthold
Batting: LHB Roberto Valle 0-0: Called Strike
0-1: Swinging Strike
0-2: Strikes out looking
Top of the 8th over - 6 runs, 6 hits, 0 errors, 1 left on base; Long Island 8 - Springfield 6
BOTTOM OF THE 8TH
Springfield Shooters batting - Pitching for Long Island Seawolves : RHP Eric Foster
Now in CF: Emanuel Bree
Batting: LHB John Schaefer 0-0: Ground out 1-3 (Groundball, 13S)
Batting: RHB Fletcher Megarity 0-0: Called Strike
0-1: SOLO HOME RUN (Flyball, 7LD), Distance : 359 ft
Batting: RHB Sébastien Bernard 0-0: Fly out, F8 (Flyball, 8LD)
Batting: LHB Marshall Willis 0-0: Called Strike
0-1: Ball
1-1: Called Strike
1-2: SINGLE (Groundball, 6D)
Pitching: RHP Fernando Júlio
Batting: RHB Barrett Drury 0-0: Called Strike
0-1: Fly out, F8 (Line Drive, 8LD)
Bottom of the 8th over - 1 run, 2 hits, 0 errors, 1 left on base; Long Island 8 - Springfield 7
TOP OF THE 9TH
Long Island Seawolves batting - Pitching for Springfield Shooters : LHP Otte Leuthold
Batting: RHB Rob McGinnity 0-0: Ball
1-0: Swinging Strike
1-1: Ball
2-1: Swinging Strike
2-2: Foul Ball, location: 2F
2-2: Ball
3-2: Foul Ball, location: 2F
3-2: Base on Balls
Batting: LHB Jackson Curry 0-0: Ball
1-0: Fielders Choice at 2nd, 4-6 (Groundball, 4MD)
Batting: RHB DeAndre Thomas 0-0: Ball
1-0: Called Strike
1-1: Ball
2-1: Foul Ball, location: 2F
2-2: Ball
3-2: Foul Ball, location: 2F
3-2: Base on Balls
Jackson Curry to second
Pinch Hitting: RHB Armando Rey 0-0: Ball
1-0: Fly out, F8 (Flyball, 8RM)
Batting: RHB Ricardo Pulido 0-0: Ball
1-0: Called Strike
1-1: Swinging Strike
1-2: Strikes out looking
Top of the 9th over - 0 runs, 0 hits, 0 errors, 2 left on base; Long Island 8 - Springfield 7
BOTTOM OF THE 9TH
Springfield Shooters batting - Pitching for Long Island Seawolves : RHP Fernando Júlio
Pitching: RHP John Kraan
Now at SS: Armando Rey
Pinch Hitting: LHB Armando Rodríguez 0-0: Foul Ball, location: 2F
0-1: Ball
1-1: Ball
2-1: SINGLE (Flyball, 7S)
Pinch Runner at 1st Jack Stidston:
Batting: LHB César Gómes 0-0: Ball
1-0: Bunt missed!
1-1: Ball
2-1: Bunted foul
2-2: Foul Ball, location: 2F
2-2: Foul Ball, location: 2F
2-2: Ball
3-2: Base on Balls
Jack Stidston to second
Batting: RHB Mike Mays 0-0: Ball
1-0: Sac Bunt - play at first, batter OUT! 5-4
Jack Stidston to third
César Gómes to second
Batting: LHB Calvin Wilms 0-0: Ball
1-0: Ball
2-0: Ball
3-0: Called Strike
3-1: Swinging Strike
3-2: Foul Ball, location: 2F
3-2: Base on Balls
Batting: LHB John Schaefer 0-0: Ball
1-0: Ball
2-0: Ball
3-0: Called Strike
3-1: Called Strike
3-2: Foul Ball, location: 2F
3-2: Strikes out swinging
Batting: RHB Fletcher Megarity 0-0: Ball
1-0: Called Strike
1-1: Ball
2-1: Foul Ball, location: 2F
2-2: Fielders Choice at 2nd, 6-4 (Groundball, 6)
Bottom of the 9th over - 0 runs, 1 hit, 0 errors, 3 left on base; Long Island 8 - Springfield 7
Sunday, March 18th, 2018 - OOTP Baseball 18.8 Build 76